 Dungeon Crawl Stone Soup version 0.30-a0-457-g4b7bca3bfa (webtiles) character file.

Game seed: 16506275821150113261

520992 p00ps00p the Executioner (level 25, -5/186 (243) HPs)
             Began as a Hill Orc Fighter on Dec 13, 2022.
             Was an Initiate of Gozag.
             Slain by a vampire knight
             ... wielding a +0 glaive
              (10 damage)
             ... on level 4 of the Depths on Dec 14, 2022.
             The game lasted 02:05:52 (49283 turns).

p00ps00p the Executioner (Hill Orc Fighter)        Turns: 49283, Time: 02:05:53

HP:   -5/186 (243)  AC: 55    Str: 41    XL:     25   Next: 28%
MP:   32/32         EV: 13    Int: 13    God:    Gozag
Gold: 10299         SH: 25    Dex: 13    Spells: 24/24 levels left

rFire   . . .      SeeInvis +    N - +9 war axe (vamp)
rCold   + . .      Faith    .    L - +5 kite shield {AC+3}
rNeg    . . .      Spirit   .    V - +8 orange crystal plate armour {Archmagi, Int+3 Clar}
rPois   .          Reflect  +    u - +3 crown of Dyrovepreva {rElec Int+2 SInv}
rElec   +          Harm     .    y - +2 cloak {Stlth+}
rCorr   .          Rampage  +    t - +2 pair of gloves "Pumnem" {rElec Regen+ Dex+3}
Will    +++..      Archmagi +    K - +2 pair of boots {rampage}
Stlth   +......... Clarity  +    p - amulet "Goaphukh" {Reflect rC+ SH+5}
HPRegen 1.31/turn                A - ring "Dicooc Mikke" {Will++ MP+9 Str+4}
MPRegen 0.23/turn                x - +6 ring of strength

@: about to teleport, flayed, studying Unarmed Combat, heavily drained
A: horns 1, sense surroundings 1, MP-powered wands
}: 3/15 runes: decaying, silver, gossamer
a: Renounce Religion, Potion Petition, Call Merchant, Bribe Branch


You were on level 4 of the Depths.
You worshipped Gozag.
Gozag was extremely pleased with you.
You visited 9 branches of the dungeon, and saw 43 of its levels.
You also visited: Sewer, Bailey, Ice Cave and Wizlab.

You collected 26944 gold pieces.
You spent 4652 gold pieces at shops.
You paid 11993 gold pieces to Gozag.

Inventory:

Hand Weapons
 m - a +9 broad axe of flaming
 N - a +9 vampiric war axe (weapon)
 Y - the +10 battleaxe "Waar" {antimagic, rElec rF- rN++}
   (You found it on level 1 of the Lair of Beasts)

   It reduces the magical energy of the wielder, and disrupts the spells and
   magical abilities of those it strikes.
   Natural abilities and divine invocations are not affected.
   rF:        It makes you vulnerable to fire.
   rElec:     It insulates you from electricity.
   rN:        It greatly protects you from negative energy.
Missiles
 c - 12 boomerangs of dispersal
 I - 17 curare-tipped darts
 J - 60 poisoned darts (quivered)
Armour
 t - the +2 pair of gloves "Pumnem" (worn) {rElec Regen+ Dex+3}
   (You bought it in a shop on level 1 of the Orcish Mines)

   Dex:       It affects your dexterity (+3).
   rElec:     It insulates you from electricity.
   Regen:     It increases your rate of health regeneration.
 u - the +3 crown of Dyrovepreva (worn) {rElec Int+2 SInv}
   (You found it on level 3 of the Dungeon)

   Int:       It affects your intelligence (+2).
   rElec:     It insulates you from electricity.
   SInv:      It lets you see invisible.
 y - a +2 cloak of stealth (worn)
 G - the +0 chain mail "Giov" {Contam Will+++ rCorr Slay+5}
   (You bought it in a shop on level 9 of the Dungeon)

   Slay:      It affects your accuracy & damage with ranged weapons and melee
   (+5).
   Contam:    It causes magical contamination when unequipped.
   rCorr:     It protects you from acid and corrosion.
   Will:      It greatly increases your willpower.
 K - a +2 pair of boots of rampaging (worn)
 L - a +5 kite shield of protection (worn)
 V - the +8 orange crystal plate armour (worn) {Archmagi, Int+3 Clar}
   (You found it on level 4 of the Vaults)

   Int:       It affects your intelligence (+3).
   Clar:      It protects you against confusion.
Jewellery
 e - an amulet of guardian spirit
 p - the amulet "Goaphukh" (around neck) {Reflect rC+ SH+5}
   (You acquired it on level 2 of the Elven Halls)

   [amulet of reflection]

   It reflects blocked missile attacks.
   rC:        It protects you from cold.
   SH:        It affects your SH (+5).
 q - a +6 ring of dexterity
 x - a +6 ring of strength (right hand)
 A - the ring "Dicooc Mikke" (left hand) {Will++ MP+9 Str+4}
   (You acquired it in a bailey)

   [ring of magical power]

   Str:       It affects your strength (+4).
   MP:        It affects your magic capacity (+9).
   Will:      It greatly increases your willpower.
Wands
 a - a wand of quicksilver (33)
 k - a wand of flame (60)
 l - a wand of polymorph (23)
 o - a wand of charming (52)
 s - a wand of iceblast (24)
 T - a wand of digging (24)
 X - a wand of mindburst (16)
Scrolls
 f - 20 scrolls of teleportation
 i - 7 scrolls of fear
 r - 10 scrolls of magic mapping
 v - 4 scrolls of silence
 B - 4 scrolls of fog
 C - a scroll of acquirement
 E - 4 scrolls of butterflies
 F - a scroll of blinking
 H - 3 scrolls of enchant armour
 O - 4 scrolls of amnesia
Potions
 b - 9 potions of curing
 d - 6 potions of might
 g - 8 potions of brilliance
 h - 4 potions of resistance
 j - 4 potions of berserk rage
 n - 10 potions of mutation
 w - 7 potions of flight
 z - 3 potions of haste
 P - 3 potions of heal wounds
 Q - 4 potions of invisibility
 S - 2 potions of magic
 U - 7 potions of ambrosia
 W - 3 potions of cancellation
Miscellaneous
 D - a condenser vane
 M - a box of beasts


   Skills:
 + Level 23.4 Fighting
 + Level 25.2 Axes
 + Level 23.9 Armour
 - Level 12.3 Dodging
 - Level 19.3 Stealth
 + Level 21.2 Shields
 - Level 0.1 Evocations


You had 24 spell levels left.
You didn't know any spells.
Your spell library contained the following spells:

 Spells                   Type           Power      Damage    Failure   Level
 Apportation              Tloc           0%         N/A       86%         1
 Beastly Appendage        Tmut           0%         N/A       86%         1
 Kiss of Death            Conj/Necr      0%         2d5       86%         1
 Magic Dart               Conj           0%         1d3       86%         1
 Necrotise                Necr           0%         1d4       86%         1
 Sandblast                Erth           0%         2d4       86%         1
 Shock                    Conj/Air       0%         1d3       86%         1
 Slow                     Hex            0%         N/A       86%         1
 Summon Small Mammal      Summ           0%         N/A       86%         1
 Blink                    Tloc           0%         N/A       95%         2
 Call Imp                 Summ           0%         N/A       95%         2
 Cigotuvi's Dreadful Rot  Necr/Pois/Air  0%         N/A       95%         2
 Momentum Strike          Conj/Tloc      0%         3d8       95%         2
 Passwall                 Tmut/Erth      0%         N/A       95%         2
 Poisonous Vapours        Pois/Air       0%         N/A       95%         2
 Scorch                   Fire           0%         2d5       95%         2
 Searing Ray              Conj           0%         2d4       95%         2
 Sublimation of Blood     Necr           0%         N/A       95%         2
 Wereblood                Tmut           0%         N/A       95%         2
 Call Canine Familiar     Summ           0%         N/A       99%         3
 Confusing Touch          Hex            0%         N/A       99%         3
 Gell's Gravitas          Tloc           0%         N/A       99%         3
 Ignite Poison            Fire/Tmut/Pois 0%         N/A       99%         3
 Kindle Blastsparks       Fire/Tloc/Air  0%         2d10      99%         3
 Lesser Beckoning         Tloc           0%         N/A       99%         3
 Mephitic Cloud           Conj/Pois/Air  0%         N/A       99%         3
 Ozocubu's Armour         Ice            0%         N/A       99%         3
 Spider Form              Tmut/Pois      0%         N/A       99%         3
 Stone Arrow              Conj/Erth      0%         3d7       99%         3
 Summon Guardian Golem    Hex/Summ       0%         N/A       99%         3
 Swiftness                Air            0%         N/A       99%         3
 Teleport Other           Tloc           0%         N/A       99%         3
 Tukima's Dance           Hex            0%         N/A       99%         3
 Vampiric Draining        Necr           0%         2d6       99%         3
 Airstrike                Air            0%         2d(0-16)  100%        4
 Anguish                  Hex/Necr       0%         N/A       100%        4
 Animate Armour           Summ/Erth      0%         N/A       100%        4
 Dispel Undead            Necr           0%         3d6       100%        4
 Flame Wave               Conj/Fire      0%         2d4       100%        4
 Fulminant Prism          Conj/Hex       0%         3d5       100%        4
 Leda's Liquefaction      Hex/Erth       0%         N/A       100%        4
 Manifold Assault         Tloc           0%         N/A       100%        4
 Passage of Golubria      Tloc           0%         N/A       100%        4
 Petrify                  Tmut/Erth      0%         N/A       100%        4
 Alistair's Intoxication  Tmut/Pois      0%         N/A       100%        5
 Blade Hands              Tmut           0%         N/A       100%        5
 Freezing Cloud           Conj/Ice/Air   0%         6-21      100%        5
 Irradiate                Conj/Tmut      0%         3d11      100%        5
 Lee's Rapid Deconstruct  Erth           0%         3d4*      100%        5
 Silence                  Hex/Air        0%         N/A       100%        5
 Summon Forest            Summ/Tloc      0%         N/A       100%        5
 Summon Mana Viper        Hex/Summ       0%         N/A       100%        5
 Yara's Violent Unravell  Hex/Tmut       0%         3d3       100%        5
 Conjure Ball Lightning   Conj/Air       0%         3x3d6     100%        6
 Death Channel            Necr           0%         N/A       100%        6
 Dispersal                Tloc           0%         N/A       100%        6
 Iron Shot                Conj/Erth      0%         9d1       100%        6
 Statue Form              Tmut/Erth      0%         N/A       100%        6
 Summon Cactus Giant      Summ           0%         N/A       100%        6
 Enfeeble                 Hex            0%         N/A       100%        7
 Haunt                    Necr/Summ      0%         N/A       100%        7
 Malign Gateway           Summ/Tloc      0%         N/A       100%        7
 Ozocubu's Refrigeration  Ice            0%         4d7       100%        7
 Storm Form               Tmut/Air       0%         N/A       100%        7
 Summon Hydra             Summ           0%         N/A       100%        7
 Discord                  Hex            0%         N/A       100%        8
 Disjunction              Tloc           0%         N/A       100%        8
 Infestation              Necr           0%         N/A       100%        8
 Lehudib's Crystal Spear  Conj/Erth      0%         10d2      100%        8
 Summon Horrible Things   Summ           0%         N/A       100%        8
 Simulacrum               Ice/Necr       Unusable   N/A       N/A         6

Dungeon Overview and Level Annotations

Branches:
Dungeon (15/15)            Temple (1/1) D:5            Lair (5/5) D:11
  Swamp (4/4) Lair:2       Spider (4/4) Lair:2        Slime (0/5) Lair:4
    Orc (2/2) D:9             Elf (3/3) Orc:2        Vaults (5/5) D:14
  Crypt (0/3) Vaults:3     Depths (4/4) D:15          Sewer (visited)
 Bailey (visited)           IceCv (visited)          WizLab (visited)
    Zot: Depths:4

Altars:
Ashenzari
Cheibriados
Dithmenos
Elyvilon
Fedhas
Gozag
Hepliaklqana
Kikubaaqudgha
Makhleb
Nemelex Xobeh
Okawaru
Qazlal
Ru
Sif Muna
Trog
Uskayaw
Vehumet
Wu Jian
Xom
Yredelemnul
Zin
The Shining One
Beogh
Jiyva

Shops:
D:9 [   D:11 =   D:13 [*   Orc:1 [:   Orc:2 (([(   Elf:1 *=   Elf:2 [
Swamp:3 [   Spider:4 =(   Vaults:1 =   Vaults:3 [   Depths:1 **

Portals:
Hell: Depths:1 Depths:2 Depths:3 Depths:4
Abyss: Depths:2 Depths:3
Pandemonium: Depths:2 Depths:4
Ziggurat: Depths:1
Trove: Vaults:1 (give 2 scrolls of acquirement)

Annotations:
Swamp:3 Lernaean hydra
Elf:1 2 transporters, p00ps00p's ghost, adept HOFi


Innate Abilities, Weirdness & Mutations

You have a pair of small horns on your head.
You passively map a small area around you.
You expend magic power (3 MP) to strengthen your wands.


Message History

The deep elf death mage barely misses you.
The shadow dragon breathes negative energy at you.
The bolt of negative energy hits you!!
You feel drained. The skeletal warrior barely misses you.
The flayed ghost stares at you with tortured malice.
Terrible wounds spread across more of your body!
* * * LOW HITPOINT WARNING * * *
The skeletal warrior closely misses you.
You block the salamander's attack.
As you read the scroll of teleportation, it crumbles to dust.
You feel strangely unstable. The ancient lich casts a spell at you.
You resist with almost no effort.
You block the skeletal warrior's attack.
The deep elf death mage hits you but does no damage.
A skeletal warrior comes into view. It is wielding a +0 glaive.
The shadow dragon breathes negative energy at you.
The bolt of negative energy misses you.
You block the skeletal warrior's attack. x2
You block the vampire knight's attack.
The ancient lich touches you but does no damage.
The salamander hits you but does no damage.
The shadow dragon attacks as you move away!
You block the shadow dragon's attack. x2; The shadow dragon barely misses you.
The vampire knight hits you but does no damage.
The vampire knight bites you but does no damage.
The deep elf death mage beckons forth a restless soul!
The shadow dragon breathes negative energy at you.
The bolt of negative energy hits the ancient lich.
The ancient lich completely resists.
The bolt of negative energy hits you!!
You feel drained.
* * * LOW HITPOINT WARNING * * *
The deep elf death mage points at you and mumbles some strange words.
The bolt of negative energy hits the skeletal warrior.
The skeletal warrior completely resists.
The bolt of negative energy hits you!!
You feel drained.
* * * LOW HITPOINT WARNING * * *
The vampire knight hits you from afar with a +0 glaive!
You die...
Your body crumbles into a pile of gold.

.............## #........#
~ ~
§.§.......$...###......(.'
~≈≈#.......$$.#.##........#
*##.........##.#......... ≈
#.........###.#######.. ~ ~
§≈##.........# ##......'..
≈≈§§#..$..#######..######.
~
§§§§≈≈....##......).....##
≈§≈§.$NVL@######..#......#
≈.#...DVz## #..'......# ~ #
#...Wz.# #..'.....∩# ~~
#...*zeWe....# #..#......#
~ * +.....D......#
##.##....## **
#.z..........# #.. #####. *
.............# ##. , +..
.............# ########..
#...#........# #.........


You could see a shadow dragon, an ancient lich (fast, invisible), an ice dragon,
2 vampire knights, 2 deep elf death magi, 4 skeletal warriors, a salamander, a
flayed ghost, a shadow wraith (invisible) and a lost soul (summoned).

Vanquished Creatures
  A dread lich (Vaults:4)
  A juggernaut (Depths:4)
  3 ancient liches
  A shard shrike (IceCv)
  Nikola (Swamp:3)
  2 golden dragons
  Jory (Vaults:3)
  6 tentacled monstrosities
  4 liches
  A walking earthen tome (Depths:4)
  4 deep elf blademasters (Elf:3)
  5 titans
  2 quicksilver dragons (Vaults:4)
  2 deep elf master archers (Elf:3)
  A walking divine tome (Depths:1)
  8 sphinxes
  Agnes (Spider:1)
  8 storm dragons
  Kirke (Swamp:4)
  5 tengu reavers
  9 shadow dragons
  A fenstrider witch (Swamp:4)
  12 fire giants
  3 iron dragons
  9 frost giants
  4 deep elf sorcerers
  6 emperor scorpions
  4 spectral caustic shrikes (Depths:1)
  An iron dragon (shapeshifter) (Depths:3)
  Aizul (Elf:3)
  A cacodemon (Depths:4)
  6 ghost moths
  2 deep elf elementalists (Depths:3)
  15 vault wardens
  2 orc warlords
  7 war gargoyles
  22 ironbound preservers
  37 very ugly things
  15 stone giants
  4 eleionomae
  9 vampire knights
  2 broodmothers
  6 deep elf demonologists
  7 ironbound thunderhulks
  2 lorocyprocas (Depths:3)
  13 dire elephants
  A white draconian (IceCv)
  A bunyip (Swamp:4)
  7 deep elf annihilators
  8 spark wasps
  12 ettins
  2 crystal guardians (Depths:3)
  Snorg (Lair:4)
  10 deep elf death magi
  3 fire dragons (Depths:2)
  A great orb of eyes (shapeshifter) (Depths:2)
  3 entropy weavers
  Josephine (D:11)
  13 deep elf high priests
  An ice dragon (shapeshifter) (Depths:4)
  4 great orbs of eyes
  12 yaktaur captains
  34 vault guards
  Harold (Orc:1)
  A catoblepas (D:13)
  8 spriggan air magi
  10 rakshasas
  4 ice dragons
  A peacekeeper (Vaults:3)
  3 ghost crabs
  A salamander tyrant (Depths:3)
  2 anacondas (shapeshifter) (Depths:3)
  A radroach (Spider:3)
  A catoblepas (shapeshifter) (Depths:3)
  15 hydras
  2 jorogumos (Spider:4)
  9 ironbound frosthearts
  A juggernaut simulacrum (Depths:3)
  3 centaur warriors
  An ogre mage (D:15)
  6 boulder beetles
  7 tengu warriors
  3 death yaks (D:11)
  3 two-headed ogres
  2 deep troll shamans (Depths:2)
  9 alligators
  40 dancing weapons
  A deep troll earth mage (Depths:2)
  4 orc high priests (Orc:2)
  5 spriggan berserkers
  3 vampire magi
  Urug (Lair:1)
  7 hell knights
  2 soul eaters
  3 spriggans
  13 deep elf knights
  The ghost of cforsyth the Fighter, a novice MiBe of Trog (D:7)
  A storm dragon zombie (Vaults:2)
  A fire crab (shapeshifter) (D:14)
  Amaemon (Lair:3)
  5 skeletal warriors
  Nergalle (Lair:3)
  A death drake (shapeshifter) (Vaults:5)
  2 shadow wraiths
  3 sun moths
  6 pharaoh ants
  An orb spider (shapeshifter) (Depths:3)
  6 steelbarb worms
  2 spriggan druids (Swamp:2)
  12 bog bodies
  A deep troll (shapeshifter) (Vaults:4)
  7 flayed ghosts
  10 swamp dragons
  4 goliath frogs
  41 deep trolls
  9 orb spiders
  11 deep elf archers
  The ghost of pokeman the Thaumaturge, a novice DEHW of Vehumet (D:8)
  3 glowing orange brains
  2 orange crystal statues
  13 harpies
  16 ironbound convokers
  12 orc knights
  A shadow dragon zombie (Depths:1)
  A sphinx zombie (Vaults:2)
  31 deep elf pyromancers
  21 lindwurms
  3 phantasmal warriors
  8 necromancers
  8 wizards
  4 orc sorcerers
  An iron dragon zombie (Depths:2)
  Pikel (D:7)
  A shining eye (shapeshifter) (Depths:3)
  51 ugly things
  3 tengu skeletons (Depths:1)
  A will-o-the-wisp (Swamp:1)
  A salamander (shapeshifter) (Elf:2)
  9 cyclopes
  34 deep elf zephyrmancers
  2 mana vipers (WizLab)
  An oklob plant (Lair:4)
  A salamander (Depths:1)
  21 wolf spiders
  A frost giant skeleton (Depths:1)
  4 manticores
  3 moths of wrath
  A sphinx skeleton (Depths:1)
  A centaur zombie (D:15)
  A fire giant skeleton (Depths:1)
  4 black mambas
  16 vault sentinels
  2 rust devils (Depths:4)
  A black mamba (shapeshifter) (Depths:2)
  Joseph (D:9)
  3 gargoyles
  2 naga magi (D:15)
  5 torpor snails
  4 orange demons
  Maggie (D:9)
  17 cane toads
  A molten gargoyle (D:13)
  2 centaur skeletons (D:15)
  3 smoke demons
  A yaktaur zombie (Vaults:1)
  21 rime drakes
  A hellion (Depths:2)
  An unseen horror zombie (D:7)
  4 komodo dragons
  A yaktaur (shapeshifter) (D:12)
  8 demonic crawlers
  A golden dragon simulacrum (Depths:3)
  4 unseen horrors
  6 freezing wraiths
  A kobold demonologist (D:12)
  2 tengu conjurers (Depths:3)
  28 yaktaurs
  A human zombie (Vaults:2)
  3 meliai (D:15)
  5 red devils
  10 tyrant leeches
  2 hellwings (Depths:4)
  4 trolls
  16 hornets
  19 polar bears
  A tarantella (shapeshifter) (Depths:3)
  39 tarantellas
  46 slime creatures
  19 blink frogs
  A fire giant simulacrum (Depths:1)
  A snapping turtle (shapeshifter) (Vaults:5)
  A dream sheep (shapeshifter) (D:13)
  An ettin zombie (Vaults:1)
  28 jumping spiders
  3 air elementals
  2 shadows
  A ynoxinul (Depths:4)
  3 wyverns
  13 culicivoras
  10 wraiths
  A vampire (D:12)
  6 water elementals
  4 hogs (Swamp:4)
  An unseen horror simulacrum (D:8)
  60 yaks
  Eustachio (D:4)
  2 steam dragons
  9 basilisks
  A fire elemental (Elf:1)
  64 redbacks
  Grum (D:9)
  24 vampire mosquitoes
  3 wargs
  11 swamp worms
  2 glowing shapeshifter zombies (Depths:2)
  3 acid dragons
  10 water moccasins
  A glowing shapeshifter skeleton (Depths:1)
  2 floating eyes
  Pargi (Sewer)
  A black bear (D:6)
  A human skeleton (Vaults:1)
  10 swamp drakes
  10 ice beasts
  A sky beast (D:6)
  32 orc warriors
  10 ogres
  4 boggarts
  21 wolves
  8 centaurs
  3 lemures (D:7)
  A phantom (D:5)
  An elf simulacrum (Vaults:1)
  10 kobold brigands
  Blork the orc (D:4)
  A necrophage (D:6)
  An earth elemental (Elf:2)
  14 bullfrogs
  6 gnoll sergeants
  7 scorpions
  9 wights
  6 killer bees (D:7)
  10 howler monkeys
  3 electric eels (Lair:5)
  A crimson imp (D:9)
  A lava snake (D:13)
  19 orc priests
  A wyvern simulacrum (D:8)
  3 hounds
  An iron imp (D:9)
  Jessica (D:3)
  A gnoll bouda (D:10)
  2 iguanas
  7 hell rats
  32 orc wizards
  4 centaur simulacra
  A killer bee simulacrum (D:8)
  30 gnolls
  3 adders
  4 river rats
  3 shadow imps
  6 white imps
  A howler monkey simulacrum (D:8)
  3 ufetubi
  2 worms
  A dart slug (D:1)
  58 orcs
  10 ball pythons
  4 endoplasms
  6 giant cockroaches
  11 goblins
  8 hobgoblins
  13 jackals
  9 kobolds
  7 quokkas
  3 bats (D:1)
  2 frilled lizards (D:2)
  13 rats
  A fungus (Swamp:4)
1953 creatures vanquished.

Vanquished Creatures (others)
  Bai Suzhen (Swamp:3)
  A lich (Vaults:5)
  A fire giant (Depths:1)
  A deep elf high priest (Elf:3)
  An alligator (Swamp:2)
  A vampire mage (WizLab)
  A dancing weapon (Depths:3)
  A deep elf zephyrmancer (D:9)
  A phantasmal warrior (Vaults:5)
  A deep elf pyromancer (Elf:3)
  A will-o-the-wisp (Swamp:2)
  3 bloated husks
  A tarantella (Spider:2)
  A spriggan (Swamp:3)
  3 humans (Swamp:4)
  A swamp worm (Swamp:4)
  An orc wizard (D:9)
  2 orcs
  A bush (Swamp:4)
  20 fungi
  68 plants
112 creatures vanquished.

Grand Total: 2065 creatures vanquished

Notes
Turn   | Place    | Note
-------+----------+-------------------------------------------
     0 | D:1      | p00ps00p the Hill Orc Fighter began the quest for the Orb.
     0 | D:1      | Reached XP level 1. HP: 19/19 MP: 1/1
    79 | D:1      | Found a faded altar of an unknown god.
    88 | D:1      | Reached skill level 3 in Axes
    88 | D:1      | Reached XP level 2. HP: 27/27 MP: 2/2
   430 | D:1      | Reached XP level 3. HP: 33/33 MP: 3/3
  1331 | D:3      | Reached XP level 4. HP: 35/40 MP: 4/4
  1511 | D:3      | Found a stormy altar of Qazlal.
  1512 | D:3      | Noticed Jessica
  1519 | D:3      | Killed Jessica
  1746 | D:3      | Found a sparkling altar of Nemelex Xobeh.
  1749 | D:3      | Found the +3 crown of Dyrovepreva {rElec Int+2 SInv}
  2180 | D:4      | Noticed Eustachio
  2186 | D:4      | Reached skill level 4 in Axes
  2186 | D:4      | Reached XP level 5. HP: 35/47 MP: 5/5
  2222 | D:4      | Killed Eustachio
  2223 | D:4      | Reached skill level 5 in Fighting
  2223 | D:4      | Reached XP level 6. HP: 18/56 MP: 6/6
  2841 | D:4      | Found a burning altar of Makhleb.
  2871 | D:4      | Reached skill level 5 in Axes
  2891 | D:4      | Reached skill level 5 in Armour
  2891 | D:4      | Reached skill level 5 in Shields
  3332 | D:4      | Reached XP level 7. HP: 62/62 MP: 7/7
  3512 | D:4      | Found an iron altar of Okawaru.
  3694 | D:4      | Noticed Blork the orc
  3701 | D:4      | Killed Blork the orc
  3918 | D:5      | Entered Level 5 of the Dungeon
  4057 | D:5      | Found a glowing drain.
  4064 | D:5      | Reached skill level 6 in Axes
  4073 | Sewer    | Entered a sewer
  4125 | Sewer    | Noticed Pargi
  4138 | Sewer    | Killed Pargi
  4621 | D:5      | Found a staircase to the Ecumenical Temple.
  4636 | Temple   | Entered the Ecumenical Temple
  4645 | Temple   | Became a worshipper of Gozag Ym Sagoz the Greedy
  4663 | D:5      | Found a basalt altar of Yredelemnul.
  4686 | D:5      | Reached XP level 8. HP: 61/71 MP: 8/8
  5024 | D:5      | Found a blossoming altar of Fedhas.
  5185 | D:6      | Identified the +1 mace of Descent {flame, rN+ Stlth+}
  5210 | D:6      | Reached skill level 7 in Axes
  5275 | D:6      | Found a radiant altar of Vehumet.
  5706 | D:6      | Reached XP level 9. HP: 55/79 MP: 9/9
  6130 | D:7      | Found a flagged portal.
  6157 | Bailey   | Entered a bailey
  6197 | Bailey   | Reached skill level 8 in Axes
  6414 | Bailey   | Found an iron altar of Okawaru.
  6420 | Bailey   | Identified the +0 quarterstaff of the Volcano {freeze,
                  | rElec}
  6474 | Bailey   | Identified a scroll of acquirement
  6475 | Bailey   | Acquired the ring "Dicooc Mikke" {Will++ MP+9 Str+4}
  6627 | D:7      | Noticed Pikel
  6636 | D:7      | Killed Pikel
  6637 | D:7      | Reached skill level 9 in Axes
  6811 | D:7      | Reached XP level 10. HP: 91/91 MP: 10/10
  7349 | D:7      | Found a runed translucent gate.
  7349 | D:7      | Found a runed translucent gate.
  7349 | D:7      | Found a runed translucent gate.
  7352 | D:7      | Noticed cforsyth's ghost (novice MiBe)
  7614 | D:8      | Found a white marble altar of Elyvilon.
  7675 | D:8      | Found a runed translucent gate.
  7675 | D:8      | Found a runed translucent gate.
  7675 | D:8      | Found a runed translucent gate.
  7716 | D:8      | Reached skill level 10 in Axes
  8093 | D:8      | Found a snail-covered altar of Cheibriados.
  8500 | D:8      | Noticed pokeman's ghost (novice DEHW)
  8739 | D:9      | Reached skill level 10 in Fighting
  8824 | D:9      | Noticed a deep elf zephyrmancer
  8824 | D:9      | Noticed a deep elf pyromancer
  8845 | D:9      | Killed a deep elf pyromancer
  8852 | D:9      | Killed a deep elf zephyrmancer
  8883 | D:9      | Paralysed by a hornet for 3 turns
  8889 | D:9      | Reached skill level 11 in Axes
  8889 | D:9      | Reached XP level 11. HP: 31/101 MP: 11/11
  9421 | D:9      | Bought the +0 chain mail "Giov" {Contam Will+++ rCorr
                  | Slay+5} for 665 gold pieces
  9421 | D:9      | Bought a +2 cloak of preservation for 236 gold pieces
  9537 | D:9      | Found a shadowy altar of Dithmenos.
  9617 | D:9      | Found a shimmering blue altar of Sif Muna.
  9666 | D:9      | Noticed Grum
  9684 | D:9      | Killed Grum
  9730 | D:9      | Noticed Joseph
  9739 | D:9      | Killed Joseph
  9740 | D:9      | Reached skill level 10 in Shields
  9792 | D:9      | Found a staircase to the Orcish Mines.
  9801 | D:9      | Reached skill level 10 in Armour
 10105 | D:9      | Noticed Maggie
 10118 | D:9      | Killed Maggie
 10493 | D:10     | Entered Level 10 of the Dungeon
 10542 | D:10     | Reached skill level 12 in Axes
 11336 | D:11     | Found a staircase to the Lair.
 11340 | D:11     | Noticed a death yak
 11341 | D:11     | Noticed a death yak
 11344 | D:11     | Noticed a death yak
 11364 | D:11     | Killed a death yak
 11365 | D:11     | Reached XP level 12. HP: 112/112 MP: 12/12
 11368 | D:11     | Killed a death yak
 11372 | D:11     | Killed a death yak
 11462 | D:11     | Reached skill level 13 in Axes
 11471 | D:11     | Noticed Josephine
 11478 | D:11     | Killed Josephine
 12100 | D:11     | Bought an amulet of guardian spirit for 420 gold pieces
 12147 | D:12     | Noticed a two-headed ogre
 12159 | D:12     | Killed a two-headed ogre
 12467 | D:12     | Reached skill level 14 in Axes
 12586 | D:12     | Reached XP level 13. HP: 122/122 MP: 13/13
 12914 | D:13     | Found Qaneneo's General Store.
 12922 | D:13     | Reached skill level 15 in Axes
 12962 | D:13     | Bought a +2 pair of gloves for 247 gold pieces
 13409 | D:13     | Found a runed translucent door.
 13415 | D:13     | Noticed a tengu reaver
 13465 | D:13     | Found a runed translucent door.
 13977 | D:14     | Found a radiant altar of Vehumet.
 14192 | D:14     | Reached skill level 16 in Axes
 14424 | D:14     | Reached skill level 1 in Dodging
 14439 | D:14     | Noticed a vault guard
 14455 | D:14     | Killed a vault guard
 14568 | D:14     | Found a gate to the Vaults.
 14665 | D:15     | Entered Level 15 of the Dungeon
 14674 | D:15     | Reached skill level 17 in Axes
 14677 | D:15     | Reached XP level 14. HP: 121/132 MP: 11/14
 15291 | D:15     | Found a staircase to the Depths.
 15760 | Orc:1    | Entered Level 1 of the Orcish Mines
 15760 | Orc:1    | Noticed Harold
 15770 | Orc:1    | Killed Harold
 15970 | Orc:1    | Reached skill level 15 in Fighting
 15988 | Orc:1    | Found a roughly hewn altar of Beogh.
 16154 | Orc:2    | Entered Level 2 of the Orcish Mines
 16184 | Orc:2    | Reached skill level 1 in Stealth
 16203 | Orc:2    | Found a roughly hewn altar of Beogh.
 16333 | Orc:2    | Gained mutation: You have hidden genetic defects. [a
                  | neqoxec]
 16607 | Orc:2    | Found a staircase to the Elven Halls.
 16770 | Orc:2    | Found Upsiapurgh's Weapon Shop.
 16770 | Orc:2    | Found Wacaec's Armour Shop.
 16771 | Orc:2    | Found Sahuenez's Antique Weapon Boutique.
 16775 | Orc:2    | Found Huvyeril's Weapon Boutique.
 16976 | Orc:1    | Reached skill level 18 in Axes
 17355 | Orc:1    | Bought a pair of encrusted gloves for 256 gold pieces
 17355 | Orc:1    | Identified the +2 pair of gloves "Pumnem" {rElec Regen+
                  | Dex+3} (You bought it in a shop on level 1 of the Orcish
                  | Mines)
 17355 | Orc:1    | Bought a fine chain mail for 256 gold pieces
 17355 | Orc:1    | Identified the +0 chain mail of Winter {rPois Will+} (You
                  | bought it in a shop on level 1 of the Orcish Mines)
 17450 | Lair:1   | Entered Level 1 of the Lair of Beasts
 17510 | Lair:1   | Gained mutation: You sometimes lose your temper in combat.
                  | [hidden defects]
 17529 | Lair:1   | Noticed Urug
 17537 | Lair:1   | Killed Urug
 17598 | Lair:1   | Reached XP level 15. HP: 143/143 MP: 15/15
 18212 | Lair:1   | Identified the +10 battleaxe "Waar" {antimagic, rElec rF-
                  | rN++}
 18238 | Lair:1   | Identified the +9 shortbow "Votihaum" {freeze, +Blink Will-
                  | Str+4}
 18513 | Lair:2   | Found a staircase to the Swamp.
 18645 | Lair:2   | Gained mutation: You are vulnerable to heat. (rF-) [hidden
                  | defects]
 18645 | Lair:2   | Lost mutation: You have hidden genetic defects. [hidden
                  | defects expressed]
 18753 | Lair:2   | Found a hole to the Spider Nest.
 19147 | Lair:3   | Noticed Nergalle
 19151 | Lair:3   | Killed Nergalle
 19223 | Lair:3   | Noticed Amaemon
 19231 | Lair:3   | Killed Amaemon
 20036 | Lair:4   | Noticed Snorg
 20053 | Lair:4   | Killed Snorg
 20435 | Lair:4   | Found a viscous altar of Jiyva.
 20435 | Lair:4   | Found a staircase to the Slime Pits.
 20750 | Lair:5   | Entered Level 5 of the Lair of Beasts
 20784 | Lair:5   | Reached skill level 19 in Axes
 20835 | Lair:5   | Reached skill level 15 in Shields
 21232 | Lair:5   | Identified the ring of Muejasas {rF+ Int+2}
 22029 | Elf:1    | Entered Level 1 of the Elven Halls
 22126 | Elf:1    | Reached XP level 16. HP: 143/155 MP: 14/16
 22337 | Elf:1    | Paralysed by an air elemental for 1 turns
 22580 | Elf:1    | Found Tem Cupp's Jewellery Shop.
 22584 | Elf:1    | Found Tezosa's General Store.
 22592 | Elf:1    | Bought a scroll of enchant weapon for 105 gold pieces
 22592 | Elf:1    | Bought a scroll of identify for 28 gold pieces
 22598 | Elf:1    | Paralysed by an air elemental for 1 turns
 22624 | Elf:1    | Found a transporter.
 22717 | Elf:1    | Found a transporter.
 22717 | Elf:1    | Noticed p00ps00p's ghost (adept HOFi)
 22743 | Elf:1    | Noticed a deep elf blademaster
 22744 | Elf:1    | Noticed a deep elf blademaster
 22775 | Elf:1    | Noticed a deep elf blademaster
 22776 | Elf:1    | Noticed a deep elf blademaster
 22808 | Elf:1    | Found a bloodstained altar of Trog.
 23221 | Elf:2    | Reached skill level 20 in Axes
 23245 | Elf:2    | Reached skill level 15 in Armour
 23263 | Elf:2    | Found a magical portal.
 23268 | WizLab   | Entered Yara's Duelist Academy
 23290 | WizLab   | Noticed a quicksilver dragon
 23327 | WizLab   | HP: 3/159 [quicksilver dragon/bolt of dispelling energy
                  | (30)]
 23899 | Elf:2    | Lost mutation: You are vulnerable to heat. (rF-) [potion of
                  | mutation]
 23899 | Elf:2    | Lost mutation: You sometimes lose your temper in combat.
                  | [potion of mutation]
 23899 | Elf:2    | Gained mutation: You passively map a small area around you.
                  | [potion of mutation]
 23899 | Elf:2    | Gained mutation: You have a pair of small horns on your
                  | head. [potion of mutation]
 23899 | Elf:2    | Gained mutation: You expend magic power (3 MP) to
                  | strengthen your wands. [potion of mutation]
 24265 | Elf:2    | Found a huge runed translucent gate.
 24265 | Elf:2    | Found a huge runed translucent gate.
 24269 | Elf:2    | Found a huge runed translucent gate.
 24270 | Elf:2    | Found a huge runed translucent gate.
 24271 | Elf:2    | Found a huge runed translucent gate.
 24484 | Elf:2    | Reached XP level 17. HP: 166/166 MP: 17/17
 24938 | Elf:2    | Bought a scorched plate armour for 896 gold pieces
 24938 | Elf:2    | Identified the +3 plate armour of the Pits of Slime {+Inv
                  | Int+8} (You bought it in a shop on level 2 of the Elven
                  | Halls)
 24948 | Elf:2    | Acquired a manual of Stealth
 24949 | Elf:2    | Acquired a manual of Armour
 24950 | Elf:2    | Acquired the amulet "Goaphukh" {Reflect rC+ SH+5}
 25254 | D:7      | Killed cforsyth's ghost
 25416 | D:8      | Killed pokeman's ghost
 25719 | D:13     | Identified the +6 glaive "Touhunavi" {elec, rC+ Stlth+}
 26128 | Swamp:1  | Entered Level 1 of the Swamp
 26134 | Swamp:1  | Reached skill level 5 in Stealth
 26359 | Swamp:1  | Reached skill level 21 in Axes
 26544 | Swamp:1  | Identified the +0 pair of gloves "Raarch" {Fly Str+9 Int-3
                  | Dex+2}
 27190 | Swamp:2  | Identified the +0 pair of boots "Ahyrotruppe" {Harm Dex+3}
 27801 | Swamp:2  | Noticed a tentacled monstrosity
 27816 | Swamp:2  | Killed a tentacled monstrosity
 27817 | Swamp:2  | Reached XP level 18. HP: 153/178 MP: 18/18
 27931 | Swamp:3  | Noticed a tentacled monstrosity
 27954 | Swamp:3  | Killed a tentacled monstrosity
 28084 | Swamp:3  | Noticed Nikola
 28094 | Swamp:3  | Noticed Bai Suzhen
 28124 | Swamp:3  | Killed Bai Suzhen
 28138 | Swamp:3  | Killed Nikola
 28540 | Swamp:3  | Acquired 824 gold pieces
 28544 | Swamp:3  | Bought a +1 kite shield of protection for 231 gold pieces
 28612 | Swamp:4  | Entered Level 4 of the Swamp
 28650 | Swamp:4  | Noticed the 27-headed Lernaean hydra
 29616 | Swamp:4  | Got a decaying rune of Zot
 29802 | Swamp:4  | Noticed Kirke
 29816 | Swamp:4  | Killed Kirke
 30717 | Spider:1 | Entered Level 1 of the Spider Nest
 30761 | Spider:1 | Noticed Agnes
 30772 | Spider:1 | Killed Agnes
 31098 | Spider:2 | Reached skill level 10 in Stealth
 31775 | Spider:3 | Reached XP level 19. HP: 184/184 MP: 19/19
 31962 | Spider:3 | Found a frozen archway.
 31981 | IceCv    | Entered an ice cave
 32253 | IceCv    | Noticed a shard shrike
 32269 | IceCv    | Killed a shard shrike
 33512 | Spider:4 | Entered Level 4 of the Spider Nest
 33557 | Spider:4 | Reached skill level 5 in Dodging
 33886 | Spider:4 | Reached XP level 20. HP: 59/182 MP: 2/20
 34373 | Spider:4 | Got a gossamer rune of Zot
 34823 | Vaults:1 | Entered Level 1 of the Vaults
 34917 | Vaults:1 | Acquired a manual of Stealth
 34943 | Vaults:1 | Found a portal to a secret trove of treasure.
 35150 | Vaults:1 | Reached skill level 15 in Stealth
 36034 | Vaults:1 | Found Izxeo's Jewellery Emporium.
 36368 | Vaults:2 | Identified the +0 dagger "Lerr" {vorpal, rElec}
 36912 | Vaults:2 | Reached XP level 21. HP: 200/200 MP: 21/21
 37048 | Vaults:2 | Reached skill level 10 in Dodging
 38188 | Vaults:3 | Noticed Jory
 38204 | Vaults:3 | Killed Jory
 38384 | Vaults:3 | Found a staircase to the Crypt.
 38538 | Vaults:3 | Bought a spiked plate armour for 980 gold pieces
 38538 | Vaults:3 | Identified the +5 plate armour of the Imp {Str+6 Int-4
                  | Dex+5} (You bought it in a shop on level 3 of the Vaults)
 38538 | Vaults:3 | Bought an ichor-stained chain mail for 332 gold pieces
 38538 | Vaults:3 | Identified the +5 chain mail "Borus" {Str+6} (You bought it
                  | in a shop on level 3 of the Vaults)
 39174 | Vaults:4 | Found the +8 orange crystal plate armour {Archmagi, Int+3
                  | Clar}
 39242 | Vaults:4 | Reached XP level 22. HP: 209/209 MP: 22/22
 39936 | Vaults:5 | Entered Level 5 of the Vaults
 39981 | Vaults:5 | Noticed a dread lich
 40016 | Vaults:5 | Noticed a golden dragon
 40483 | Vaults:4 | Killed a dread lich
 40512 | Vaults:5 | Killed a golden dragon
 40530 | Vaults:5 | Reached skill level 22 in Axes
 41186 | Vaults:5 | Reached XP level 23. HP: 148/199 MP: 23/23
 41188 | Vaults:5 | Noticed an ancient lich
 41221 | Vaults:5 | Killed an ancient lich
 41385 | Vaults:5 | Identified the +6 shortbow of the Fortifying Gods {drain,
                  | rElec rPois Str+5 Int-4}
 41386 | Vaults:5 | Identified the +2 ring mail of Somewhere Else {rF++ rN++
                  | Dex-2}
 41490 | Vaults:5 | Identified the +4 quarterstaff "Toxzec" {flame, rF+}
 41765 | Vaults:5 | Identified the +6 trident "Guihi" {elec, *Rage rC++ Will+}
 41774 | Vaults:5 | Got the Tractate on the Ghoulish Stinger
 41919 | Vaults:5 | Got a silver rune of Zot
 41925 | Vaults:5 | Identified the +1 chain mail "Boihufohu" {rElec rF+ Dex+4}
 42120 | Vaults:5 | Identified the +5 great sword "Ajymoose" {pain, rN+}
 42880 | Elf:3    | Entered Level 3 of the Elven Halls
 43058 | Elf:3    | Noticed Aizul
 43066 | Elf:3    | Killed Aizul
 43242 | Elf:3    | Reached skill level 23 in Axes
 43841 | Elf:3    | Identified the ring "Nec Elu" {Fire rPois}
 43994 | Elf:3    | Found the +8 longbow "Zephyr" {speed, Dex+3 SInv}
 44017 | Elf:3    | Identified the +7 falchion "Tuhiku" {freeze, Str+4}
 44071 | Elf:3    | Identified the +6 flail "Fiju" {vorpal, Str-3 Dex+5 SInv
                  | Stlth+}
 44524 | Depths:1 | Entered Level 1 of the Depths
 44934 | Depths:1 | Found a one-way gateway to a ziggurat.
 45132 | Depths:1 | Found Kenum's Assorted Antiques.
 45132 | Depths:1 | Found Ceiruel's General Store.
 45152 | Depths:1 | Found a gateway to Hell.
 45412 | Depths:1 | Reached XP level 24. HP: 230/231 MP: 23/23
 45828 | Depths:2 | Found a white marble altar of Elyvilon.
 45836 | Depths:2 | Found a one-way gate to the infinite horrors of the Abyss.
 46113 | Depths:2 | Found a one-way gate leading to the halls of Pandemonium.
 46191 | Depths:2 | Noticed an ancient lich
 46247 | Depths:2 | Killed an ancient lich
 46248 | Depths:2 | Reached skill level 24 in Axes
 46801 | Depths:2 | Got Sif Muna's Octavo of the Chthonic Lungs
 46955 | Depths:2 | Found the +3 Mad Mage's Maulers {Infuse+∞ RegenMP Int-3}
 47357 | Depths:2 | Got the Discourse on the Grave
 48515 | Depths:3 | Noticed an ancient lich
 48527 | Depths:3 | Killed an ancient lich
 48575 | Depths:3 | Reached XP level 25. HP: 174/243 MP: 21/23
 48878 | Depths:3 | Reached skill level 25 in Axes
 48939 | Depths:4 | Entered Level 4 of the Depths
 49204 | Depths:4 | Noticed a juggernaut
 49216 | Depths:4 | Paralysed by a floating eye for 4 turns
 49225 | Depths:4 | Killed a juggernaut
 49253 | Depths:4 | Noticed an ancient lich
 49283 | Depths:4 | HP: 5/186 [deep elf death mage/bolt of negative energy
                  | (32)]
 49283 | Depths:4 | Slain by a vampire knight

Illustrated notes

Levels and vault maps discovered:
D:1:      scummos_arrival_forest, layout_basic, basic_ecumenical_altar
D:2:      layout_basic, minmay_bisected
D:3:      layout_loops_ring, overflow_temple_1_default,
          mainiacjoe_overflow_paths, st_stairs_9, minivault_4, uniq_jessica
D:4:      layout_cave_pods, lightli_temple_of_fire, lemuel_round_altar,
          uniq_eustachio, uniq_blork_the_orc
D:5:      layout_basic, fedhas_altar_4, mainiacjoe_overflow_brackets,
          temple_pool_b, portal_sewer_entry_b, minmay_misc_feat_diagonals
D:6:      layout_basic, mainiacjoe_overflow_surrounded_room
D:7:      layout_loops_ring, gammafunk_ghost_necromancy, enter_bailey_5,
          roderic_lattice_a, uniq_pikel
D:8:      layout_basic, lemuel_crystal_altar, cheibriados_altar_1,
          gammafunk_ghost_icy, serial_ice, serial_ice_n, serial_ice_b,
          serial_ice_m, serial_ice_e, serial_ice_c, serial_ice_a, serial_ice_o,
          serial_ice_h, chequers_serial_rivers_micro_c
D:9:      layout_grid_maze, grunt_dithmenos_smoke_and_mirrors,
          mainiacjoe_overflow_boulevard, kennysheep_orc_monster_closet_entryway,
          hangedman_minor_magic, uniq_maggie, uniq_grum, uniq_joseph
D:10:     layout_basic
D:11:     layout_roguey, dpeg_lair_monsters, st_stairs_2, uniq_josephine
D:12:     layout_big_octagon, kennysheep_generic_room_13
D:13:     minmay_expanding_circles, layout_long_grid, serial_shops, shop,
          kennysheep_opposing_triangles
D:14:     layout_basic, david_vaults_5, nicolae_vehumet_radiance
D:15:     grunt_enter_depths_magical_seal, layout_irregular_city,
          minmay_splitting_lines
Temple:   minmay_freezing_vapour_temple
Lair:1:   layout_loops_ring, st_stairs_9, serial_bayou_lake_a,
          serial_bayou_shore_b, uniq_urug
Lair:2:   layout_long_grid, swamp_mist, dummy_spider_entry, beast_lair_carwin_8
Lair:3:   layout_layer_cave, grunt_megastairs_3, uniq_nergalle, uniq_amaemon
Lair:4:   layout_roguey, minmay_slime_entry_oklob_open,
          kennysheep_abandoned_house, serial_bayou_shore_b, lemuel_fruit_fields,
          infiniplex_staircase_pool_2, uniq_snorg
Lair:5:   minmay_lair_end_frog_pond, layout_layer_cave,
          infiniplex_staircase_pool
Swamp:1:  layout_falls_marsh, nicolae_swamp_orc_logging_accident
Swamp:2:  layout_basic_swamp, evilmike_swamp_ruin_house_5
Swamp:3:  layout_basic_swamp, hangedman_swamp_blocks, uniq_bai_suzhen,
          uniq_nikola
Swamp:4:  grunt_swamp_rune_castle, layout_basic_swamp,
          cheibrodos_swamp_witchery, uniq_kirke
Spider:1: layout_spider_delve, uniq_agnes
Spider:2: layout_spider_delve, hangedman_spider_tarantella_strand
Spider:3: spiders_nest_scorpion_pit, portal_ice_cave_entry_frozen_things,
          drop_trap
Spider:4: guppyfry_spider_rune
Orc:1:    layout_caves, special_room [special_room_orc], uniq_harold
Orc:2:    st_orc_mages, layout_caves, basic_altar
Elf:1:    eino_elf_arrival_customs, layout_gridlike,
          gammafunk_ghost_wrathful_warriors, kennysheep_underground_church,
          grunt_megastairs_5, minmay_shop_star
Elf:2:    elven_hall_of_blades_hangedman_alternative
          [nicolae_blade_entry_diamond_columns], layout_loops_corners,
          mu_enter_wizlab_1, einodemon_armed_red_devil_minivault
Elf:3:    minmay_elf_hall_circle, layout_gridlike, uniq_aizul
Vaults:1: ontoclasm_vaults_chip, nicolae_vaults_arrows,
          nicolae_vaults_border_crossing, v_pattern_1, vaults_dpeg_encased_lava,
          hangedman_vaults_cutoff, layout_vaults_omnibox, enter_trove_1,
          serial_shops, nicolae_diamond_shop
Vaults:2: nicolae_vaults_ninety_degrees, v_misc_8, nicolae_vaults_murderbox,
          nicolae_vaults_yaktaur_gun_rack, ontoclasm_vaults_fault,
          vaults_mumra_hexcomb, nicolae_vaults_network_barrier,
          nicolae_vaults_rhombus_7, nicolae_vaults_gold_heap, v_misc_12,
          ontoclasm_vaults_ring_large, nicolae_vaults_circle_grid_a,
          ontoclasm_vaults_shuriken, v_misc_30, ontoclasm_vaults_ring_large,
          layout_vaults_maze
Vaults:3: nicolae_vaults_little_squares_3, nicolae_vaults_quartermaster,
          v_misc_17, minmay_crypt_entry_simple_corners, dpeg_vaults_monster_row,
          hangedman_vaults_hat, v_misc_8, vaults_dpeg_hooks, vaults_dpeg_cross,
          ontoclasm_vaults_tryst, v_misc_10, layout_vaults_omnigrid, uniq_jory
Vaults:4: hangedman_vaults_locks, v_misc_27, grunt_vaults_funnel,
          ontoclasm_vaults_echo, v_misc_29, hangedman_vaults_stretched_pinwheel,
          vaults_standard_mumra_x, ontoclasm_vaults_eye, v_misc_23,
          layout_vaults_chaotic_city
Vaults:5
Depths:1: layout_gridlike, enter_ziggurat_b, pf_hell_entry_tar_river,
          chequers_serial_rivers_micro_a, horrible_house_mu, minmay_shoptagon
Depths:2: minmay_the_grid_octo_tiled_octocenter
          [minmay_the_grid_octo_checkerflower,
          minmay_the_grid_octo_tetromino_candy, minmay_the_grid_octo_teeth,
          minmay_the_grid_octo_fat_diamond,
          minmay_the_grid_octo_prize_single_spiral,
          minmay_the_grid_square_5x5_checkered_sparse,
          minmay_the_grid_square_5x5_minivault,
          minmay_the_grid_square_5x5_inner_v, minmay_the_grid_square_5x5_comb],
          layout_cave_shapes, grunt_metal_band, special_room
          [special_room_morgue], elyvilon_altar_1, abyss_entry,
          rand_demon_pan_entry_5
Depths:3: hangedman_crystal_crosses_colossus [crystal_crosses_arms_four,
          crystal_crosses_arms_four, crystal_crosses_arms_two,
          crystal_crosses_arms_one], hell_entry, abyss_entry
Depths:4: lemuel_castle_with_subvaults [lemuel_castle_interior_carwin_3],
          layout_basic, hell_entry, special_room [special_room_morgue],
          grunt_pan_entry_sceptre, nemelex_lonely_heart_becter

Skill      XL: |  1  2  3  4  5  6  7  8  9 10 11 12 13 14 15 16 17 18 19 20 21 22 23 24 25 |
---------------+----------------------------------------------------------------------------+-----
Axes           | 3 4 5 6 7 9 11 12 14 17 18 19 20 21 22 23 24 25 | 25.2
Fighting       | 4 5 6 7 9 10 12 13 14 15 17 18 19 20 22 23 | 23.4
Shields        | 4 5 6 8 9 11 12 13 14 15 16 17 18 19 20 21 | 21.2
Armour         | 4 5 6 8 9 11 12 13 14 15 16 19 21 22 23 | 23.9
Dodging        | 1 2 3 4 6 9 12 | 12.3
Stealth        | 1 2 3 5 11 14 17 19 | 19.3
Evocations     | |  0.1

Action                   |  1- 3 |  4- 6 |  7- 9 | 10-12 | 13-15 | 16-18 | 19-21 | 22-24 | 25-27 || total
-------------------------+-------+-------+-------+-------+-------+-------+-------+-------+-------++-------
Melee: War axe           |    78 |   116 |   289 |   539 |  1008 |   863 |   946 |  1536 |   191 ||  5566
       Headbutt          |       |       |       |       |       |   189 |   389 |   481 |    65 ||  1124
       Broad axe         |       |       |       |       |       |   131 |   276 |       |       ||   407
Throw: Dart              |       |       |       |       |       |     1 |       |       |       ||     1
Invok: Call Merchant     |       |       |       |     2 |     2 |     3 |     3 |       |       ||    10
Evoke: Wand              |       |       |       |       |       |     6 |       |       |       ||     6
  Use: Scroll            |     6 |     6 |    11 |     9 |    13 |    23 |     5 |    12 |     1 ||    86
       Potion            |       |     1 |     1 |     2 |     1 |    16 |     1 |     6 |       ||    28
 Stab: Distracted        |       |       |       |     3 |    14 |    14 |    21 |    20 |     1 ||    73
       Confused          |       |       |       |     1 |       |       |       |       |       ||     1
       Petrified         |       |       |       |       |       |    12 |       |     8 |       ||    20
       Petrifying        |       |       |       |       |       |     2 |       |     2 |       ||     4
       Sleeping          |       |       |       |       |       |       |    40 |     6 |       ||    46
Armor: Scale mail        |    23 |       |       |       |       |       |       |       |       ||    23
       Plate armour      |    30 |   134 |   178 |    99 |       |       |       |       |       ||   441
       Chain mail        |       |       |       |   138 |   279 |   463 |   392 |     2 |       ||  1274
       Crystal plate arm |       |       |       |       |       |       |       |   752 |    82 ||   834
Dodge: Dodged            |    34 |    38 |    65 |   149 |   169 |   240 |   283 |   366 |    36 ||  1380
       Repelled          |       |       |       |       |     1 |    12 |       |       |       ||    13
Block: Buckler           |    22 |     7 |       |       |       |       |       |       |       ||    29
       Kite shield       |       |    65 |   197 |   399 |   536 |   927 |  1055 |  1419 |   168 ||  4766
       Reflection        |       |       |       |       |       |    21 |    23 |    53 |       ||    97

Table legend: (Time is in decaauts)
 A = Elapsed time spent in this place.
 B = Non-inter-level travel time spent in this place.
 C = Inter-level travel time spent in this place.
 D = Time resting spent in this place.
 E = Time spent auto-exploring this place.
 F = Levels seen in this place.
 G = Mean time per level.
                   A        B        C        D        E       F      G
               +--------+--------+--------+--------+--------+-----+--------+
         Total |  48999 |  45572 |   3427 |   5341 |  29099 |  47 | 1042.5 |
       Dungeon |  16827 |  15415 |   1412 |   1793 |  10493 |  15 | 1121.8 |
        Temple |     14 |      9 |      5 |      0 |      0 |   1 |   14.0 |
          Lair |   4715 |   4332 |    383 |      0 |   3621 |   5 |  943.0 |
         Swamp |   4731 |   4548 |    183 |   1523 |   1966 |   4 | 1182.8 |
   Spider Nest |   3256 |   3111 |    145 |    186 |   2023 |   4 |  814.0 |
  Orcish Mines |   1811 |   1424 |    387 |      0 |   1046 |   2 |  905.5 |
   Elven Halls |   4436 |   4143 |    293 |    932 |   1931 |   3 | 1478.7 |
        Vaults |   7493 |   6974 |    519 |    618 |   4530 |   5 | 1498.6 |
        Depths |   4492 |   4394 |     98 |    283 |   2810 |   4 | 1123.0 |
         Sewer |    217 |    217 |      0 |      0 |    129 |   1 |  217.0 |
        Bailey |    352 |    352 |      0 |      6 |    142 |   1 |  352.0 |
      Ice Cave |    597 |    597 |      0 |      0 |    388 |   1 |  597.0 |
        Wizlab |     53 |     53 |      0 |      0 |     16 |   1 |   53.0 |
               +--------+--------+--------+--------+--------+-----+--------+

Top non-repeatable levels by time:
Vaults:4: 2110 daAuts
   Elf:2: 1971 daAuts
     D:9: 1969 daAuts
     D:4: 1876 daAuts
Vaults:5: 1655 daAuts
Depths:2: 1623 daAuts
    D:13: 1605 daAuts
 Swamp:3: 1467 daAuts
Depths:1: 1424 daAuts
     D:8: 1371 daAuts
 Swamp:4: 1341 daAuts
   Elf:3: 1330 daAuts
Vaults:3: 1308 daAuts
Vaults:1: 1277 daAuts
Spider:3: 1222 daAuts
